 Dungeon Crawl Stone Soup version 0.17-a0-2220-g6fea741 (webtiles) character file.

142 tp1 the Conjurer (level 5, -1/28 HPs)
             Began as a Deep Elf Conjurer on Oct 28, 2015.
             Slain by a giant frog (3 damage)
             ... on level 5 of the Dungeon.
             The game lasted 00:07:35 (2570 turns).

tp1 the Conjurer (Deep Elf Conjurer)                Turns: 2570, Time: 00:07:36

Health: -1/28      AC:  6    Str:  5    XL:     5   Next: 3%
Magic:  14/14      EV: 13    Int: 21    God:
Gold:   157        SH:  0    Dex: 15    Spells: 4 memorised, 3 levels left

rFire  . . .     SeeInvis .     p - -3 dagger (curse)
rCold  . . .     Clarity  .     a - +0 robe
rNeg   . . .     SustAt   .     (no shield)
rPois  .         Gourm    .     (no helmet)
rElec  .         Spirit   .     m - +0 cloak (curse)
rCorr  .         Warding  .     (no gloves)
rMut   .         Stasis   .     e - +2 pair of boots
MR     .....                    (no amulet)
Stlth  ++........               (no ring)
                                (no ring)

@: about to teleport, not resistant to hostile enchantments, unstealthy
A: no striking features
a: no special abilities


You were on level 5 of the Dungeon.
You were not hungry.

You visited 1 branch of the dungeon, and saw 5 of its levels.

You collected 157 gold pieces.

Inventory:

Hand Weapons
 f - a +1 dagger of protection
 p - a cursed -3 dagger (weapon)
Armour
 a - a +0 robe (worn)
 e - a +2 pair of boots (worn)
 m - a cursed +0 cloak (worn)
Scrolls
 g - a scroll of amnesia {unknown}
 k - a scroll of fog {unknown}
 n - a scroll of identify {unknown}
 s - a scroll of remove curse {unknown}
Potions
 d - 2 potions of ambrosia {unknown}
 h - a potion of heal wounds {unknown}
 i - a potion of curing {unknown}
 r - a potion of magic {unknown}
Books
 b - a book of Conjurations

   Spells                             Type                      Level
   a - Magic Dart                     Conjuration                  1
   b - Searing Ray                    Conjuration                  2
   c - Dazzling Spray                 Conjuration/Hexes            3
   d - Fulminant Prism                Conjuration/Hexes            4
   e - Iskenderun's Mystic Blast      Conjuration                  4
   f - Iskenderun's Battlesphere      Conjuration/Charms           5
Comestibles
 c - 2 bread rations
 j - a meat ration
 l - a beef jerky
 q - 2 chunks of flesh


   Skills:
 - Level 2.4 Dodging
 - Level 2.4 Stealth
 - Level 5.0 Spellcasting
 - Level 6.0 Conjurations
 + Level 0.4 Charms


You had 3 spell levels left.
You knew the following spells:

 Your Spells              Type           Power        Failure   Level  Hunger
a - Magic Dart            Conj           ####         1%          1    None
b - Searing Ray           Conj           ####..       1%          2    None
c - Dazzling Spray        Conj/Hex       ###.....     12%         3    ##.....
d - Iskenderun's Battles  Conj/Chrm      ###.....     78%         5    #####..


Dungeon Overview and Level Annotations

Branches:
Dungeon (6/15)
 Temple: D:4-7

Altars:
Gozag
Okawaru

Annotations:
D:3 glosham's ghost, weakling MfMo
D:6 Blork the orc


Message History

You climb upwards.
The worker ant twitches its antennae in your direction.
Found a scroll labeled YSKUKA DA NEFU.
There is a stone staircase leading down here.
A giant frog comes into view.
Found 32 sling bullets.
Some of the chunks of flesh in your inventory have rotted away.
The giant frog croaks.
The giant frog hits you.
* * * LOW HITPOINT WARNING * * *
Found a large agate ring.
The giant frog closely misses you. The giant frog misses you.
You see here a large agate ring.
Read which item? (? for menu, Esc to quit)
As you read the scroll of teleportation, it crumbles to dust.
You feel strangely unstable.
The giant frog hits you but does no damage.
The giant frog hits you.
You die...

## ###.####
##......#### ###
##..........###....
##..................
.###.......(..a........
.............OF@.......
............######.....
.......#....## ##.
...........##
..........##
..........# .........##
.........# .........#.#


You could see an ogre, a giant frog and a worker ant.

Vanquished Creatures
  A black bear (D:3)
  2 adders (D:2)
  A worm (D:2)
  2 bats (D:1)
  4 giant cockroaches (D:2)
  6 hobgoblins
  A jackal (D:2)
  A kobold (D:2)
  3 giant newts
  4 goblins
  4 rats
29 creatures vanquished.

Notes
Turn   | Place    | Note
--------------------------------------------------------------
     0 | D:1      | tp1 the Deep Elf Conjurer began the quest for the Orb.
     0 | D:1      | Reached XP level 1. HP: 10/10 MP: 6/6
   598 | D:1      | Reached XP level 2. HP: 15/15 MP: 6/8
   726 | D:2      | Learned a level 2 spell: Searing Ray
   775 | D:2      | Found an opulent altar of Gozag.
  1171 | D:2      | Reached XP level 3. HP: 19/19 MP: 8/11
  1176 | D:2      | Learned a level 3 spell: Dazzling Spray
  1272 | D:2      | Reached skill level 5 in Spellcasting
  1285 | D:2      | Found an iron altar of Okawaru.
  1675 | D:2      | Found an iron altar of Okawaru.
  2039 | D:2      | Found an opulent altar of Gozag.
  2350 | D:3      | Noticed a black bear
  2359 | D:3      | Killed a black bear
  2359 | D:3      | Reached skill level 6 in Conjurations
  2359 | D:3      | Reached XP level 4. HP: 17/24 MP: 2/13
  2359 | D:3      | Reached XP level 5. HP: 19/28 MP: 2/14
  2451 | D:3      | Learned a level 5 spell: Iskenderun's Battlesphere
  2538 | D:3      | Noticed glosham's ghost (weakling MfMo)
  2554 | D:3      | You fall through a shaft for 3 floors!
  2554 | D:6      | Noticed Blork the orc
  2554 | D:6      | Noticed an ogre
  2557 | D:5      | Entered Level 5 of the Dungeon
  2570 | D:5      | Slain by a giant frog

Vault maps used:
D:1:      sevenhm_arrival_forest_fort_small_5, minivault_23, minmay_door_square,
          minmay_misc_feat_alley
D:2:      lemuel_doored_altar, nicolae_gozag_seed_capital
D:3:      marbit_many_paths, lemuel_round_altar
D:5:      overflow_temple_1_default, first_bread, grunt_decor_cap, uniq_duvessa
D:6:      nicolae_ossuary_entry_giza, uniq_grinder, uniq_blork_the_orc

Action                   |  1- 3 |  4- 6 || total
-------------------------+-------+-------++-------
 Cast: Magic Dart        |    57 |     6 ||    63
       Searing Ray       |     2 |     1 ||     3
  Use: Scroll            |       |     2 ||     2
  Eat: Chunk             |     2 |       ||     2
       Bread ration      |     1 |       ||     1
